 Dungeon Crawl Stone Soup version 0.19-a0-1387-gca1aa1d (console) character file.

61919 Svalbardcaretaker the Spry (level 14, -12/74 HPs)
             Began as a Spriggan Air Elementalist on Sept 3, 2016.
             Was the Champion of Ashenzari.
             Killed by a resonance strike
             ... invoked by a ragged hierophant
              (31 damage)
             ... in the Desolation of Salt.
             The game lasted 01:30:44 (29482 turns).

Svalbardcaretaker the Spry (SpAE)                  Turns: 29482, Time: 01:30:46

Health: -12/74     AC: 14    Str:  4    XL:     14   Next: 62%
Magic:  27/28      EV: 40    Int: 34    God:    Ashenzari [******]
Gold:   21         SH: 19    Dex: 27    Spells: 8 memorised, 12 levels left

rFire  + + +     SeeInvis +     a - +4 dagger "Morg" {pain, MR+ Int+5}
rCold  + . .     Gourm    .     F - +5 steam dragon armour of the Undertaker {rElec MR- Int+8 SInv}
rNeg   . . .     Faith    .     i - +3 buckler {rF+} (curse)
rPois  +         Spirit   .     b - +2 hat (curse)
rElec  +         Dismiss  .     N - +1 cloak of Starlight {rElec rC+ EV+4 Stlth--}
rCorr  .         Reflect  +     (gloves unavailable)
MR     ++++.     Harm     .     (boots unavailable)
Stlth  ++........ Clarity  +    H - amulet "Qeineeb" {Reflect rPois rF+ SH+6}
                                u - ring of protection from fire (curse)
                                o - ring "Xenen" {MR+ Dex+10, =R} (curse)

@: exhausted, very slightly contaminated, regenerating, drained, very quick
A: unfitting armour, talons 1, see invisible, herbivore 3, speed 3, magic
resistance 1, slow metabolism 2
a: Curse Item, Scrying, Transfer Knowledge, Renounce Religion


You were in the Desolation of Salt.
You worshipped Ashenzari.
Ashenzari was exalted by your worship.
You were not hungry.

You visited 6 branches of the dungeon, and saw 27 of its levels.
You also visited: Labyrinth, Sewer, Bailey, Volcano and Desolation.

You collected 2484 gold pieces.
You spent 2463 gold pieces at shops.


Innate Abilities, Weirdness & Mutations

You are tiny and cannot use many weapons and most armour.
You have supernaturally acute eyesight. (SInv)
You are a herbivore.
You cover ground extremely quickly.
You need consume almost no food.
You have sharp toenails.
You are resistant to hostile enchantments. (MR+)


   Skills:
 - Level 8.3(7.6) Fighting
 - Level 8.5(7.7) Short Blades
   Level 4.8(4.1) Maces & Flails
 - Level 16.8(15.8) Dodging
 + Level 7.0(6.3) Stealth
 - Level 6.1(8.4) Shields
 - Level 9.1(8.3) Spellcasting
 - Level 4.4(6.6) Conjurations
 - Level 3.2(5.1) Charms
 - Level 12.0(13.8) Necromancy
 - Level 4.4(6.5) Ice Magic
 - Level 6.1(8.4) Air Magic
 - Level 4.8(7.0) Evocations


You had 12 spell levels left.
You knew the following spells:

 Your Spells              Type           Power        Failure   Level  Hunger
c - Static Discharge      Conj/Air       ######..     1%          3    None
f - Freezing Cloud        Conj/Ice/Air   ######....   28%         6    #####..
k - Animate Skeleton      Necr           N/A          0%          1    None
q - Shock                 Conj/Air       ####         1%          1    None
r - Repel Missiles        Chrm/Air       ######       1%          2    None
s - Song of Slaying       Chrm           #####...     1%          2    None
z - Regeneration          Chrm/Necr      ######....   1%          3    None
A - Apportation           Tloc           ##........   3%          1    None

Inventory:

Hand Weapons
 a - the +4 dagger "Morg" (weapon) {pain, MR+ Int+5}
   (You found it in a bailey)

   In the hands of one skilled in necromantic magic, it inflicts extra damage on
   living creatures.
   It affects your intelligence (+5).
   It affects your resistance to hostile enchantments.
Armour
 b - a cursed +2 hat (worn)
 i - a cursed +3 buckler of fire resistance (worn)
 F - the +5 steam dragon armour of the Undertaker (worn) {rElec MR- Int+8 SInv}
   (You bought it in a shop on level 2 of the Orcish Mines)

   It affects your intelligence (+8).
   It insulates you from electricity.
   It affects your resistance to hostile enchantments.
   It lets you see invisible.
 N - the +1 cloak of Starlight (worn) {rElec rC+ EV+4 Stlth--}
   (You found it in a bailey)

   It affects your evasion (+4).
   It protects you from cold.
   It insulates you from electricity.
   It makes you much less stealthy.
Jewellery
 o - the cursed ring "Xenen" (left hand) {MR+ Dex+10, =R}
   (You found it on level 4 of the Dungeon)

   [ring of protection from magic]

   It affects your dexterity (+10).
   It affects your resistance to hostile enchantments.
   It has a curse placed upon it.
 u - a cursed ring of protection from fire (right hand)
 H - the amulet "Qeineeb" (around neck) {Reflect rPois rF+ SH+6}
   (You bought it in a shop on level 2 of the Orcish Mines)

   [amulet of reflection]

   It shields you and reflects attacks.
   It protects you from fire.
   It protects you from poison.
   It affects your SH (+6).
Wands
 j - a wand of flame (0/48)
 p - a wand of acid (6/15)
 v - a wand of disintegration (5/24)
 w - a wand of acid (9/15)
 J - a wand of iceblast (2/15)
 S - a wand of flame (0/48)
 V - a wand of digging (10/24)
 Z - a wand of iceblast (9/15)
Scrolls
 f - 2 scrolls of blinking
 g - 2 scrolls of immolation
 h - a scroll of vulnerability
 n - a scroll of holy word
 q - 4 scrolls of fog
 r - a scroll of identify
 t - a scroll of summoning
 y - 5 scrolls of fear
 z - 3 scrolls of remove curse
 Q - 2 scrolls of recharging
 R - 3 scrolls of teleportation
Potions
 d - a potion of agility
 k - 6 potions of invisibility
 l - a potion of lignification
 m - 3 potions of heal wounds
 s - 11 potions of curing
 x - 7 potions of berserk rage {Berserk}
 A - 4 potions of magic
 C - 3 potions of brilliance
 E - 4 potions of might
 G - a potion of flight
 I - a potion of resistance
 K - 2 potions of cure mutation
 L - 2 potions of haste
Miscellaneous
 D - a fan of gales
Comestibles
 c - 14 bread rations
 e - 13 fruits

Dungeon Overview and Level Annotations

Branches:
Dungeon (15/15)            Temple (1/1) D:6            Lair (6/6) D:11
 Shoals (1/4) Lair:2        Snake (0/4) Lair:3        Slime (0/5) Lair:5
    Orc (2/2) D:10            Elf (2/3) Orc:2
 Vaults: D:13-14     Depths: D:15

Altars:
Ashenzari
Cheibriados
Dithmenos
Elyvilon
Fedhas
Gozag
Hepliaklqana
Kikubaaqudgha
Makhleb
Nemelex Xobeh
Okawaru
Qazlal
Ru
Sif Muna
Trog
Uskayaw
Vehumet
Xom
Yredelemnul
Zin
The Shining One
Beogh

Shops:
D:6 }   D:12 *   Orc:2 (*=[   Elf:1 !   Elf:2 ?

Portals:
Trove: D:10 (give +2 storm dragon armour)

Annotations:
D:12 exclusions: cyclops and 3 orcs
D:15 Azrael
Lair:1 exclusion: door

, , ,,,* ,*, , * *
* ** ,, ,, ,**
**,...####### * * ,
, *, ∆**...#######
* ,,, , * , {
*#.8####### * , ,,*
, ∆∆##..####### * *
, , ,
,∆{∆##...#######***
.., ,, ∆
##....#######* ..,,
,,
**##....8#######**
** ..,, , ,
##.....@####### *
.., ,
,........#######**
.§,, ,,
........####### .§
, ,........#######
* .§,, ,
........#######* **
, ,, ,,
........####### ***
§, ,
,.....#..#######*
§, ,,
....p##.#######* **
§ ,,, *.....
..#######** *


You could see a ragged hierophant, a peacekeeper and a saltling.


Message History

The puff of flame hits the saltling.
The saltling appears unharmed.
The saltling is almost destroyed.
Evoking this partially-identified wand wasted a few charges.
You block the saltling's attack.
Evoke which item? (* to show all) (? for menu, Esc to quit)
Zapping:
j - a wand of flame {zapped: 14} (will waste charges)
Press: ? - help, Shift-Dir - straight line, f/p - saltling
Aim: a saltling (almost destroyed)
The puff of flame hits the saltling.
The saltling appears unharmed.
The saltling is almost destroyed.
Evoking this partially-identified wand wasted a few charges.
The peacekeeper roars a battlecry!
The saltling goes into a battle-frenzy!
You block the saltling's attack.
The ragged hierophant mumbles some strange words.
The ragged hierophant begins to accept its allies' injuries.
The peacekeeper roars a battlecry!
You block the saltling's attack.
Evoke which item? (* to show all) (? for menu, Esc to quit)
Zapping:
j - a wand of flame {zapped: 16} (will waste charges)
Press: ? - help, Shift-Dir - straight line, f/p - saltling
Aim: a saltling (almost destroyed, unusually strong)
The puff of flame hits the saltling.
The saltling is almost destroyed.
Evoking this partially-identified wand wasted a few charges.
Your skill with magical items lets you calculate the power of this device...
This wand has 0 charges left.
The ragged hierophant points at you and mumbles some strange words.
A blast of power from the earth and the saltling strikes you!
You die...

Action                   |  1- 3 |  4- 6 |  7- 9 | 10-12 | 13-15 || total
-------------------------+-------+-------+-------+-------+-------++-------
Melee: Unarmed           |    16 |       |    27 |       |       ||    43
       Dagger            |    32 |     1 |    38 |       |   717 ||   788
       Spear             |       |    80 |    76 |       |       ||   156
       Whip              |       |       |   321 |  1635 |   366 ||  2322
       Kick              |       |       |       |       |     7 ||     7
Throw: Tomahawk          |       |       |     9 |       |       ||     9
       Throwing net      |       |       |       |     4 |     4 ||     8
 Cast: Shock             |    76 |    92 |   361 |    47 |    21 ||   597
       Static Discharge  |       |       |     5 |    10 |    18 ||    33
       Repel Missiles    |       |       |     1 |       |       ||     1
       Regeneration      |       |       |       |     8 |    22 ||    30
       Song of Slaying   |       |       |       |     4 |    11 ||    15
       Animate Skeleton  |       |       |       |       |     5 ||     5
Invok: Curse Item        |       |       |     4 |     2 |     1 ||     7
       Scrying           |       |       |       |     6 |     4 ||    10
Evoke: Wand              |       |       |     4 |    60 |    25 ||    89
       Fan of gales      |       |       |       |       |     1 ||     1
  Use: Scroll            |       |     5 |    15 |    16 |    19 ||    55
       Potion            |       |       |     1 |     2 |    18 ||    21
 Stab: Sleeping          |     1 |       |    13 |    25 |    11 ||    50
       Distracted        |       |       |     1 |     4 |       ||     5
       Held in net/web   |       |       |       |     6 |     7 ||    13
       Confused          |       |       |       |     7 |       ||     7
  Eat: Fruit             |       |       |     6 |     2 |     7 ||    15
       Pizza             |       |       |     1 |     3 |     2 ||     6
       Royal jelly       |       |       |     1 |     1 |     1 ||     3
       Bread ration      |       |       |       |     2 |       ||     2
Armor: Robe              |    12 |     1 |    19 |    34 |    15 ||    81
       Skin              |       |       |    48 |       |    35 ||    83
       Steam dragon armo |       |       |       |       |    19 ||    19
Dodge: Dodged            |    90 |    64 |   414 |   917 |   560 ||  2045
       Deflected         |       |       |       |     7 |     1 ||     8
Block: Buckler           |       |       |   192 |   859 |   634 ||  1685
       Reflection        |       |       |       |       |     3 ||     3

Vault maps used:
D:1:      dpeg_arrival_arbitrary_b, minmay_hedge_maze, grunt_decor_one_mirror
D:2:      led_sif_pool, grunt_decor_arrowhead, uniq_crazy_yiuf_cottage
D:3:      nicolae_ru_sacrificial_ziggurat
D:4:      kennysheep_goblin_castle, kennysheep_small_spiral, minmay_box_of_dots
D:5:      first_bread, hangedman_abyss_or_decor_stabs,
          kennysheep_generic_room_16
D:6:      kennysheep_mini, serial_shops, nicolae_shop_crystal,
          gup_sewer_entry_glass, minivault_23
D:7:      the_bakery, grunt_ministairs_4
D:8:      special_room, uniq_grum
D:9:      old_standard_altar, nicolae_qazlal_eye_of_the_storm, minitemple
D:10:     hiddenorc2_lemuel, enter_trove_0, small_chamber_with_monster
D:11:     due_lair_maze_entry_diamond
D:12:     kennysheep_seaside_town, serial_shops, nicolae_shop_overgrown_old_shop
D:14:     erik_vaults_1, serial_shops, kennysheep_mini_moat,
          minmay_misc_feat_chi
D:15:     hangedman_depths_entry_civil_slaughter, hangedman_decor_growths,
          uniq_azrael
Temple:   oiseaux_autumnal_temple
Lair:1:   serial_bayou, serial_bayou_crossing, serial_bayou_pond_e,
          serial_bayou_pond_d, serial_bayou_pond_b, infiniplex_staircase_pool_2
Lair:2:   minmay_shoals_entry_centaurs, minivault_29, grunt_megastairs_2,
          uniq_erica
Lair:3:   minmay_snake_entry_six_corridors, tgw_fedhas
Lair:4:   special_room, lemuel_fruit_tree
Lair:5:   minmay_slime_entry_jelly_boxes, minivault_19, st_stairs_11,
          uniq_josephine
Lair:6:   gammafunk_lair_ancient_temple, minivault_11,
          nicolae_lair_grove_arrangements, infiniplex_staircase_pool
Orc:1:    enter_bailey_7
Orc:2:    grunt_orc_cross, lab_entry_generic, basic_altar,
          nicolae_volcano_entry_batcave
Elf:1:    eino_elf_arrival_customs, portal_desolation_entry_twin_temple,
          serial_shops, nicolae_shop_temple_entry_statues_fountains,
          evilmike_minifort
Elf:2:    serial_shops, shop_fountains, shop, shop, uniq_donald
Lab:      labyrinth_watery, nicolae_lab_grate, labyrinth_skeletal_remains,
          labyrinth_lava_lair, nicolae_lab_blocks, lab_block, lab_statue
Sewer:    sewer_minmay_w
Bailey:   bailey_polearm_4, bailey
Volcano:  volcano_pools

Notes
Turn   | Place    | Note
-------+----------+-------------------------------------------
     0 | D:1      | Svalbardcaretaker the Spriggan Air Elementalist began the quest for the Orb.
     0 | D:1      | Reached XP level 1. HP: 9/9 MP: 5/5
    70 | D:1      | Reached skill level 3 in Spellcasting
   115 | D:1      | Reached skill level 1 in Conjurations
   217 | D:2      | Reached XP level 2. HP: 13/13 MP: 2/7
   797 | D:3      | Reached skill level 3 in Air Magic
  1061 | D:4      | Reached XP level 3. HP: 16/16 MP: 3/8
  1482 | D:4      | Learned a level 3 spell: Static Discharge
  1735 | D:4      | Noticed Robin
  1752 | D:4      | Reached skill level 4 in Dodging
  1784 | D:4      | Killed Robin
  1784 | D:4      | Reached XP level 4. HP: 10/21 MP: 1/9
  1961 | D:4      | Got a scintillating wooden ring
  1962 | D:4      | Identified the ring "Xenen" {MR+ Dex+10} (You found it on level 4 of the Dungeon)
  2554 | D:4      | Noticed an ogre
  2587 | D:4      | Killed an ogre
  2587 | D:4      | Reached skill level 5 in Dodging
  2587 | D:4      | Reached skill level 4 in Air Magic
  2587 | D:4      | Reached XP level 5. HP: 24/24 MP: 3/10
  2874 | D:4      | Reached skill level 6 in Dodging
  2879 | D:4      | Reached XP level 6. HP: 28/28 MP: 3/11
  3019 | D:5      | Entered Level 5 of the Dungeon
  3078 | D:5      | Reached skill level 2 in Conjurations
  3087 | D:5      | Noticed a sky beast
  3501 | D:4      | Reached skill level 7 in Dodging
  3845 | D:5      | Reached XP level 7. HP: 23/32 MP: 7/12
  4095 | D:5      | Learned a level 6 spell: Freezing Cloud
  4158 | D:5      | Reached skill level 3 in Conjurations
  4283 | D:6      | Reached skill level 8 in Dodging
  4286 | D:6      | Found Pidy's Gadget Shoppe.
  4313 | D:6      | Found a staircase to the Ecumenical Temple.
  4320 | Temple   | Entered the Ecumenical Temple
  4391 | Temple   | Became a worshipper of Ashenzari the Shackled
  4503 | D:6      | Found an iron altar of Okawaru.
  4507 | D:6      | Found a glowing drain.
  4648 | Sewer    | Entered a sewer
  5157 | Sewer    | Reached skill level 9 in Dodging
  5221 | Sewer    | Reached skill level 4 in Conjurations
  5237 | Sewer    | Reached XP level 8. HP: 34/36 MP: 13/13
  5665 | D:7      | Reached skill level 10 in Dodging
  5892 | D:10     | Entered Level 10 of the Dungeon
  5910 | D:10     | Reached skill level 1 in Ice Magic
  5983 | D:10     | Noticed a troll
  6128 | D:11     | Noticed a troll
  6554 | D:10     | Reached skill level 5 in Air Magic
  6730 | D:10     | Found a portal to a secret trove of treasure.
  6774 | D:10     | Found a staircase to the Orcish Mines.
  6862 | D:9      | Reached * piety under Ashenzari
  6865 | D:9      | Got the cursed hunting sling of the Fray {flame, Fragile rElec rC+ Dex+6}
  6866 | D:9      | Identified the cursed +0 hunting sling of the Fray {flame, Fragile rElec rC+ Dex+6} (You found it on level 9 of the Dungeon)
  6907 | D:9      | Reached skill level 11 in Dodging
  7278 | D:9      | Found a sparkling altar of Nemelex Xobeh.
  7315 | D:9      | Found a stormy altar of Qazlal.
  7365 | D:9      | Reached skill level 1 in Shields
  7413 | D:8      | Learned a level 2 spell: Repel Missiles
  7536 | D:7      | Reached skill level 2 in Shields
  7536 | D:7      | Reached XP level 9. HP: 28/39 MP: 1/14
  7875 | D:7      | Reached skill level 3 in Shields
  8458 | D:6      | Reached skill level 4 in Shields
  8810 | D:6      | Reached skill level 1 in Fighting
  9145 | D:5      | HP: 1/41 [acid (6)]
  9895 | D:3      | Found a sacrificial altar of Ru.
 10233 | D:2      | Found a runed door.
 10369 | D:2      | Found a deep blue altar of Sif Muna.
 10557 | D:2      | Noticed Crazy Yiuf
 10561 | D:2      | Killed Crazy Yiuf
 11404 | D:2      | Reached skill level 2 in Fighting
 11559 | D:5      | Reached skill level 5 in Shields
 11859 | D:8      | Reached ** piety under Ashenzari
 11870 | D:8      | Reached skill level 1 in Maces & Flails
 11895 | D:8      | Reached skill level 2 in Maces & Flails
 12257 | D:8      | Reached skill level 3 in Maces & Flails
 12416 | D:8      | Reached XP level 10. HP: 28/46 MP: 6/15
 12613 | D:8      | Noticed Grum
 12648 | D:8      | Reached skill level 4 in Maces & Flails
 12678 | D:8      | Noticed Grum
 12678 | D:8      | Grum changed into Grum the ogre
 12683 | D:8      | You fall through a shaft!
 13205 | D:9      | Found a basalt altar of Yredelemnul.
 13223 | D:9      | Found a bloodstained altar of Trog.
 13224 | D:9      | Found a white marble altar of Elyvilon.
 13947 | D:8      | Killed Grum the ogre
 13948 | D:8      | Reached skill level 3 in Fighting
 14391 | D:9      | Reached skill level 12 in Dodging
 14755 | D:9      | You fall through a shaft for 3 floors!
 14755 | D:12     | Noticed a cyclops
 14844 | D:12     | Reached skill level 4 in Fighting
 14878 | D:13     | Noticed a centaur warrior
 14915 | D:13     | Reached *** piety under Ashenzari
 14931 | D:13     | Reached skill level 6 in Shields
 14955 | D:12     | Noticed an unseen horror
 14991 | D:12     | Killed an unseen horror
 14991 | D:12     | Reached XP level 11. HP: 41/54 MP: 16/16
 15203 | D:12     | Reached skill level 13 in Dodging
 15464 | D:12     | Found Doxtem's Assorted Antiques.
 15469 | D:12     | Bought a bubbling silvery potion for 24 gold pieces
 15469 | D:12     | Bought a scroll labeled YTISAS MEIM for 27 gold pieces
 15469 | D:12     | Bought a scroll of remove curse for 81 gold pieces
 15546 | D:12     | Noticed an unseen horror
 15554 | D:12     | Killed an unseen horror
 15554 | D:12     | Reached skill level 5 in Fighting
 15779 | D:15     | Entered Level 15 of the Dungeon
 15919 | D:14     | Noticed a tengu warrior
 15931 | D:15     | Noticed a centaur warrior
 15931 | D:15     | Noticed Azrael
 15970 | D:14     | Killed a tengu warrior
 15970 | D:14     | Reached skill level 14 in Dodging
 16183 | D:14     | Noticed a centaur warrior
 16226 | D:13     | Noticed a centaur warrior
 16253 | D:13     | Killed a centaur warrior
 16253 | D:13     | Reached skill level 6 in Fighting
 16267 | D:13     | Noticed a griffon
 17217 | D:11     | Found a staircase to the Lair.
 17223 | D:11     | Noticed a red ugly thing
 17237 | D:11     | Killed a red ugly thing
 17340 | D:11     | Reached skill level 15 in Dodging
 17558 | D:11     | Reached skill level 7 in Fighting
 17701 | D:11     | Reached **** piety under Ashenzari
 18206 | D:10     | Identified the +7 trident of Generosity {freeze, Dex+3} (You took it off a wight on level 10 of the Dungeon)
 18275 | D:10     | Identified a potion of resistance
 18603 | D:10     | Reached XP level 12. HP: 45/63 MP: 17/17
 18994 | Orc:1    | Entered Level 1 of the Orcish Mines
 19067 | Orc:2    | Entered Level 2 of the Orcish Mines
 19067 | Orc:2    | Noticed an orc high priest
 19107 | Orc:1    | Found a flagged portal.
 19124 | Bailey   | Entered a bailey
 19128 | Bailey   | Reached skill level 1 in Evocations
 19141 | Bailey   | Reached skill level 3 in Evocations
 19155 | Bailey   | Reached skill level 4 in Evocations
 19342 | Orc:2    | Found a dark tunnel.
 19351 | Volcano  | Entered a volcano
 19554 | Orc:2    | Reached skill level 16 in Dodging
 19558 | Orc:2    | Found a roughly hewn altar of Beogh.
 19558 | Orc:2    | Found a labyrinth entrance.
 19568 | Lab      | Entered a labyrinth
 19949 | Lab      | Reached skill level 8 in Fighting
 20173 | Lab      | Noticed a minotaur
 20177 | Lab      | Noticed an entropy weaver
 20177 | Lab      | a minotaur changed into an entropy weaver
 20187 | Lab      | Killed an entropy weaver
 20240 | Orc:2    | Reached skill level 1 in Necromancy
 20452 | Orc:1    | Reached skill level 2 in Necromancy
 20521 | Orc:1    | Reached skill level 3 in Necromancy
 20752 | Orc:1    | Reached skill level 4 in Necromancy
 20920 | Orc:2    | Learned a level 3 spell: Regeneration
 20923 | Orc:2    | Learned a level 2 spell: Song of Slaying
 20936 | Orc:2    | Reached skill level 5 in Necromancy
 21145 | Lair:1   | Entered Level 1 of the Lair of Beasts
 21538 | Lair:1   | Reached skill level 1 in Short Blades
 21566 | Lair:1   | Reached ***** piety under Ashenzari
 21766 | Lair:1   | Reached skill level 1 in Charms
 21770 | Lair:1   | Reached skill level 2 in Charms
 21788 | Lair:1   | Reached skill level 3 in Charms
 21948 | Lair:1   | Reached skill level 6 in Necromancy
 22446 | Lair:2   | Reached skill level 4 in Spellcasting
 22461 | Lair:2   | Reached skill level 7 in Necromancy
 22469 | Lair:2   | Found a staircase to the Shoals.
 22587 | Shoals:1 | Entered Level 1 of the Shoals
 22751 | Lair:2   | Noticed Erica
 22769 | Lair:2   | Killed Erica
 22796 | Lair:2   | Noticed a catoblepas
 22821 | Lair:2   | Killed a catoblepas
 22821 | Lair:2   | Reached skill level 5 in Spellcasting
 22821 | Lair:2   | Reached XP level 13. HP: 34/69 MP: 21/21
 23094 | Lair:2   | Reached skill level 8 in Necromancy
 23336 | Lair:3   | Found a staircase to the Snake Pit.
 23348 | Lair:3   | Reached skill level 6 in Spellcasting
 23608 | Lair:3   | Learned a level 1 spell: Apportation
 23610 | Lair:3   | Learned a level 1 spell: Animate Skeleton
 23692 | Lair:3   | Reached skill level 9 in Necromancy
 24168 | Lair:3   | Reached skill level 7 in Spellcasting
 24519 | Lair:3   | Found a blossoming altar of Fedhas.
 25026 | Lair:4   | Reached skill level 10 in Necromancy
 25026 | Lair:4   | Reached skill level 8 in Spellcasting
 25026 | Lair:4   | Reached skill level 11 in Necromancy
 25026 | Lair:4   | Reached skill level 9 in Spellcasting
 25341 | Lair:4   | Reached skill level 12 in Necromancy
 25608 | Lair:4   | Reached ****** piety under Ashenzari
 25827 | Lair:4   | Reached skill level 2 in Short Blades
 26094 | Lair:5   | Reached skill level 3 in Short Blades
 26126 | Lair:5   | Reached skill level 4 in Short Blades
 26143 | Lair:5   | Reached skill level 5 in Short Blades
 26335 | Lair:5   | Reached skill level 6 in Short Blades
 26360 | Lair:6   | Entered Level 6 of the Lair of Beasts
 26366 | Lair:5   | Reached XP level 14. HP: 66/74 MP: 28/28
 26498 | Lair:5   | Found a staircase to the Slime Pits.
 26501 | Lair:5   | Noticed Josephine
 26864 | Lair:5   | HP: 6/74 [Josephine/ghostly fireball (27)]
 26883 | Lair:5   | Killed Josephine
 26883 | Lair:5   | Reached skill level 7 in Short Blades
 27367 | Lair:1   | Reached skill level 8 in Short Blades
 27450 | Orc:2    | Gained mutation: You are clumsy. (Dex -2) [a neqoxec]
 27475 | Orc:2    | Lost mutation: You are clumsy. (Dex -2) [potion of cure mutation]
 27653 | Orc:2    | Noticed an orc warlord
 27840 | Orc:2    | Reached skill level 2 in Ice Magic
 27855 | Orc:2    | Killed an orc warlord
 27855 | Orc:2    | Reached skill level 3 in Ice Magic
 27918 | Orc:2    | Noticed Nergalle
 27944 | Orc:2    | Killed Nergalle
 27960 | Orc:2    | Reached skill level 4 in Ice Magic
 28013 | Orc:2    | Found a roughly hewn altar of Beogh.
 28050 | Orc:2    | Found Itetik's Antique Weapon Boutique.
 28092 | Orc:2    | Reached skill level 6 in Air Magic
 28155 | Orc:2    | Found Gorurhin's General Store.
 28182 | Orc:2    | Bought a scroll of identify for 32 gold pieces
 28182 | Orc:2    | Bought a scroll of identify for 32 gold pieces
 28182 | Orc:2    | Bought a scroll of identify for 32 gold pieces
 28192 | Orc:2    | Found Bis Otia's Antique Armour Boutique.
 28198 | Orc:2    | Bought a diamond-encrusted steam dragon armour for 665 gold pieces
 28208 | Orc:2    | Identified the +5 steam dragon armour of the Undertaker {rElec MR- Int+8 SInv} (You bought it in a shop on level 2 of the Orcish Mines)
 28220 | Orc:2    | Found Loabafom's Jewellery Boutique.
 28228 | Orc:2    | Bought the amulet "Qeineeb" {Reflect rPois rF+ SH+6} for 604 gold pieces
 28529 | Orc:2    | Found a staircase to the Elven Halls.
 28884 | Elf:1    | Entered Level 1 of the Elven Halls
 28926 | Elf:1    | Found Ysouh's Distillery.
 28998 | Elf:1    | Reached skill level 4 in Stealth
 29023 | Elf:1    | Bought a potion of mutation for 32 gold pieces
 29023 | Elf:1    | Bought a potion of heal wounds for 65 gold pieces
 29023 | Elf:1    | Bought a potion of berserk rage for 65 gold pieces
 29023 | Elf:1    | Bought a potion of invisibility for 104 gold pieces
 29023 | Elf:1    | Bought a potion of heal wounds for 65 gold pieces
 29023 | Elf:1    | Bought a potion of invisibility for 104 gold pieces
 29023 | Elf:1    | Gained mutation: You are resistant to hostile enchantments. (MR+) [potion of mutation]
 29023 | Elf:1    | Gained mutation: You have sharp toenails. [potion of mutation]
 29103 | Elf:2    | Reached skill level 5 in Stealth
 29143 | Elf:2    | Found Zuofit's Magic Scroll Shoppe.
 29173 | Elf:2    | Bought a scroll of holy word for 112 gold pieces
 29173 | Elf:2    | Bought a scroll of fog for 30 gold pieces
 29173 | Elf:2    | Bought a scroll of teleportation for 45 gold pieces
 29173 | Elf:2    | Bought a scroll of teleportation for 45 gold pieces
 29173 | Elf:2    | Bought a scroll of identify for 30 gold pieces
 29173 | Elf:2    | Bought a scroll of identify for 30 gold pieces
 29173 | Elf:2    | Bought a scroll of immolation for 52 gold pieces
 29173 | Elf:2    | Bought 3 scrolls of remove curse for 135 gold pieces
 29173 | Elf:2    | Bought a scroll of magic mapping for 52 gold pieces
 29186 | Elf:1    | Reached skill level 6 in Stealth
 29193 | Elf:1    | Found a ruined gateway.
 29262 | Desolati | Entered the Desolation of Salt
 29463 | Desolati | HP: 1/74 [ragged hierophant/a resonance strike (31)]
 29479 | Desolati | Reached skill level 7 in Stealth
 29482 | Desolati | Killed from afar by a ragged hierophant

Vanquished Creatures
  An orc warlord (Orc:2)
  An entropy weaver (Lab)
  Josephine (Lair:5)
  4 hydras
  Erica (Lair:2)
  A catoblepas (Lair:2)
  A centaur warrior (D:13)
  A dancing weapon (Elf:1)
  A tengu warrior (D:14)
  3 death yaks (Lair:5)
  2 orc high priests (Orc:2)
  A deep elf knight (Elf:1)
  Nergalle (Orc:2)
  2 unseen horrors (D:12)
  A wolf spider zombie (D:14)
  An oklob plant (Lair:3)
  6 orc knights
  An ugly thing (D:11)
  2 deep elf magi (Elf:1)
  4 orc sorcerers
  3 black mambas
  4 spiny frogs
  7 komodo dragons
  A centaur skeleton (D:11)
  A kobold demonologist (D:13)
  11 rime drakes
  A tengu conjurer (D:14)
  9 trolls
  2 two-headed ogres (D:8)
  5 saltlings (Desolation)
  15 blink frogs
  A spriggan (D:7)
  5 wyverns (Lair:4)
  A water elemental (Elf:2)
  3 shadows
  An air elemental (Elf:2)
  3 wraiths
  19 yaks
  3 fire bats (Orc:2)
  6 basilisks
  A warg (Orc:2)
  6 hungry ghosts (Lab)
  9 hippogriffs
  8 soldier ants (Lair:2)
  7 porcupines
  15 water moccasins
  A black bear (D:12)
  5 ice beasts
  43 orc warriors
  A sky beast (D:9)
  22 ogres
  3 phantoms
  15 wolves
  8 centaurs
  14 crocodiles
  3 big kobolds (D:12)
  14 giant frogs
  A wyvern zombie (D:12)
  A gnoll sergeant (D:9)
  2 scorpions
  A wyvern skeleton (D:12)
  14 killer bees
  9 wights
  6 howler monkeys
  3 centaur zombies
  4 lava snakes (Lab)
  6 crimson imps
  5 hounds
  2 quasits
  2 giant frog zombies
  15 jellies
  2 gnoll shamans (D:12)
  19 orc priests
  Crazy Yiuf (D:2)
  26 orc wizards
  2 giant frog skeletons
  4 iguanas
  15 worker ants
  A killer bee zombie (D:9)
  A hound zombie (D:5)
  Robin (D:4)
  28 gnolls
  23 adders
  34 river rats
  3 shadow imps
  An ooze (Sewer)
  4 adder skeletons
  2 worms (D:2)
  3 dart slugs
  6 giant geckos
  103 orcs
  18 ball pythons
  10 bats
  8 giant cockroaches
  6 hobgoblins
  12 jackals
  7 kobolds
  4 quokkas
  A giant cockroach zombie (D:6)
  A giant gecko skeleton (D:4)
  5 giant newts
  20 goblins
  2 quokka skeletons
  32 rats
  3 bushes (D:1)
  3 fungi (D:12)
  4 plants
798 creatures vanquished.

Vanquished Creatures (collateral kills)
  A black mamba (Lair:5)
  A spiny frog (Lair:3)
  A wolf (Lair:5)
  3 jellies (Lair:5)
6 creatures vanquished.

Vanquished Creatures (others)
  An orc (Orc:1)
  8 fungi
  4 plants
13 creatures vanquished.

Grand Total: 817 creatures vanquished
